Map: Terrazze Prion

Players

islander

  • Race: Protoss Protoss
  • League: Silver

Jhyrachy - Winner!

  • Race: Zerg Zerg
  • League: Silver

VOD

Have the link to the VOD?

Description

Time

  • Played on: March 25, 2016, 4:59 p.m.
  • Length: 18:17
Show
View Real Time Build Order
Export as new Build Order

islander Protoss 

Build Orders:  

Get SALT Encoding   

  12  0:01  Probe (Chrono Boost)  
  13  0:11  Probe (Chrono Boost)  
  14  0:20  Pylon  
  14  0:22  Probe (Chrono Boost)  
  15  0:38  Probe (Chrono Boost)  
  16  0:46  Gateway  
  16  0:49  Assimilator, Probe (Chrono Boost)  
  17  0:59  Probe (Chrono Boost)  
  18  1:11  Probe (Chrono Boost)  
  19  1:22  Probe (Chrono Boost)  
  20  1:30  Pylon  
  20  1:34  Cybernetics Core  
  20  1:38  Zealot  
  22  1:49  Probe (Chrono Boost)  
  22  1:52  Assimilator  
  23  1:59  Probe (Chrono Boost)  
  24  2:09  Gateway  
  24  2:12  Gateway  
  24  2:14  Gateway  
  24  2:22  Probe (Chrono Boost)  
  25  2:28  Adept  
  27  2:33  Mothership Core (Chrono Boost)  
  28  3:01  Adept  
  30  3:12  Pylon  
  30  3:16  Pylon  
  30  3:27  Probe (Chrono Boost)  
  30  3:28  Robotics Facility  
  30  3:30  Adept x3  
  30  3:33  Adept  
  39  3:55  Warp Gate (Chrono Boost)  
  39  4:00  Adept x3  
  45  4:21  Nexus  
  45  4:35  Pylon  
  45  4:43  Observer  
  46  4:56  Pylon  
  28  5:33  Probe  
  29  5:37  Probe  
  30  5:43  Observer  
  30  5:44  Probe  
  30  5:49  Probe  
  33  5:54  Assimilator, Probe  
  33  5:56  Assimilator  
  34  6:02  Probe  
  35  6:05  Probe  
  35  6:11  Nexus  
  36  6:14  Probe  
  37  6:19  Stargate  
  37  6:26  Pylon  
  37  6:30  Pylon, Adept x3  
  37  6:32  Pylon  
  43  6:39  Probe (Chrono Boost)  
  44  6:47  Stalker  
  44  6:50  Probe (Chrono Boost)  
  47  7:00  Probe (Chrono Boost)  
  48  7:02  Oracle  
  47  7:16  Zealot x3  
  47  7:17  Zealot  
  45  7:49  Stalker  
  45  7:50  Stalker x3  
  26  8:17  Pylon  
  26  8:22  Stalker x3  
  26  8:23  Gateway, Stalker  
  26  8:25  Gateway  
  34  8:27  Gateway  
  34  8:38  Phoenix  
  36  8:50  Pylon, Adept  
  36  8:53  Pylon  
  35  9:37  Zealot x4  
  43  9:52  Probe (Chrono Boost)  
  40  10:03  Probe (Chrono Boost)  
  41  10:09  Adept x2  
  41  10:13  Probe (Chrono Boost)  
  46  10:24  Probe (Chrono Boost)  
  41  10:34  Probe (Chrono Boost)  
  40  10:45  Probe (Chrono Boost)  
  42  10:50  Probe (Chrono Boost)  
  42  10:55  Probe (Chrono Boost)  
  42  10:56  Immortal  
  45  11:00  Probe (Chrono Boost)  
  46  11:06  Probe (Chrono Boost)  
  46  11:11  Probe (Chrono Boost)  
  48  11:16  Probe (Chrono Boost)  
  49  11:21  Probe (Chrono Boost)  
  50  11:32  Probe (Chrono Boost)  
  51  11:36  Robotics Bay  
  51  11:39  Robotics Facility  
  51  11:42  Probe (Chrono Boost)  
  52  11:47  Zealot x2  
  52  11:48  Zealot x3  
  52  11:49  Zealot x2  
  52  11:53  Probe (Chrono Boost)  
  67  12:03  Probe (Chrono Boost), Twilight Council  
  68  12:22  Probe (Chrono Boost)  
  69  12:30  Assimilator  
  69  12:32  Assimilator  
  69  12:33  Probe (Chrono Boost)  
  69  12:34  Pylon  
  70  12:38  Pylon  
  70  12:40  Pylon  
  70  12:43  Probe (Chrono Boost)  
  69  12:44  Pylon  
  57  12:53  Probe (Chrono Boost)  
  57  12:54  Colossus x2  
  70  12:59  Extended Thermal Lance (Chrono Boost)  
  70  13:01  Charge  
  70  13:02  Probe  
  71  13:22  Forge  
  71  13:23  Forge  
  71  13:27  Zealot  
  71  13:28  Zealot x2  
  71  13:29  Zealot x3  
  83  13:48  Disruptor x2  
  89  13:56  Nexus  
  89  13:58  Pylon  
  89  14:09  Stalker  
  91  14:10  Stalker x3  
  97  14:27  Pylon  
  97  14:30  Pylon  
  97  14:34  Pylon  
  97  14:48  Colossus x2  
  107  14:56  Blink (Chrono Boost)  
  107  14:59  Observer Gravitic Boosters  
  107  15:10  Templar Archives  
  107  15:15  Probe  
  108  15:23  Stalker  
  108  15:26  Probe  
  111  15:36  Probe  
  111  15:38  Assimilator  
  111  15:41  Assimilator  
  111  15:47  Probe  
  111  15:48  Observer x2  
  114  15:51  Psionic Storm  
  114  15:52  Stalker  
  114  15:53  Stalker x2  
  114  15:54  Stalker x2  
  124  15:57  Probe  
  125  16:09  Observer  
  125  16:10  Observer  
  44  17:16  High Templar x3  
  44  17:17  High Templar x2  
  54  17:32  Probe, Photon Cannon x3  
  54  17:34  Photon Cannon  
  54  17:35  Photon Cannon  
  55  17:40  Archon x2  
  55  17:42  Probe  
  56  17:53  Probe  
  57  18:03  Probe  
Show
View Real Time Build Order
Export as new Build Order

Jhyrachy Zerg - Winner!

Build Orders: Hatch First 

Get SALT Encoding   

  12  0:02  Drone  
  13  0:18  Drone  
  13  0:19  Overlord  
  14  0:49  Drone x2  
  16  0:53  Hatchery, Extractor  
  14  1:03  Drone x2  
  16  1:11  Drone  
  17  1:31  Spawning Pool  
  16  1:44  Drone x3  
  19  1:59  Drone  
  20  2:07  Overlord  
  20  2:19  Queen x2  
  20  2:21  Zergling x2  
  25  2:23  Drone x2  
  25  2:26  Metabolic Boost  
  27  2:58  Queen  
  29  3:06  Drone x2  
  29  3:07  Drone x4  
  35  3:46  Drone  
  35  3:47  Overlord  
  35  3:48  Overlord x2  
  36  3:56  Roach Warren  
  35  4:17  Spine Crawler  
  35  4:18  Spine Crawler  
  35  4:19  Spine Crawler x2  
  35  4:20  Zergling x2  
  35  4:21  Zergling x16  
  40  4:38  Drone x3  
  43  4:58  Overlord x2  
  43  5:08  Queen  
  42  5:39  Drone x2  
  42  5:40  Drone x2  
  46  5:51  Queen  
  46  5:54  Hatchery  
  47  6:03  Roach x7  
  61  6:52  Zergling x8  
  61  6:53  Zergling x16  
  59  8:44  Lair  
  59  8:45  Hatchery  
  51  9:48  Spore Crawler  
  51  9:50  Drone x5  
  55  9:54  Queen  
  57  10:01  Queen  
  59  10:10  Overseer  
  41  10:56  Hydralisk Den  
  40  11:31  Overlord x4  
  40  11:32  Overlord  
  40  11:40  Muscular Augments  
  40  12:02  Hydralisk  
  40  12:03  Hydralisk x14  
  40  12:04  Hydralisk x4  
  78  12:09  Drone x9  
  78  12:10  Drone x10  
  78  12:15  Extractor  
  96  12:17  Drone x2  
  96  12:18  Drone  
  99  12:29  Extractor  
  94  12:40  Queen  
  90  12:58  Lurker Den  
  90  13:07  Extractor  
  89  13:57  Hydralisk x10  
  89  13:58  Hydralisk  
  111  14:07  Pneumatized Carapace  
  111  14:09  Overseer  
  111  14:13  Overseer  
  111  14:20  Overseer  
  111  14:33  Extractor  
  111  14:35  Extractor  
  109  14:50  Lurker  
  110  15:00  Lurker x2  
  112  15:20  Lurker  
  113  15:22  Lurker  
  72  17:13  Zergling x4  
  72  17:14  Zergling x48  
  72  17:15  Zergling x28  
  104  18:13  Hatchery  
Tags
 
Add a new tag
Caveats
  • Supply blocks, unpowered buildings, or Contaminate may cause inaccurate times.
  • Supply counts are checked every 10 seconds.